 Dungeon Crawl Stone Soup version 0.28.0-1-gb440e238dd (webtiles) character file.

Game seed: 17448731176052136573

79 lmSkywalker the Vexing (level 4, -1/41 HPs)
             Began as an Ogre Arcane Marksman on Feb 10, 2022.
             Killed from afar by an orc wizard (5 damage)
             ... with a magic dart
             ... on level 3 of the Dungeon on Feb 22, 2022.
             The game lasted 00:12:00 (2799 turns).

lmSkywalker the Vexing (Ogre Arcane Marksman)       Turns: 2799, Time: 00:12:01

Health: -1/41      AC:  3    Str: 16    XL:     4   Next: 38%
Magic:  8/8        EV:  9    Int: 14    God:
Gold:   48         SH:  0    Dex:  9    Spells: 7/8 levels left

rFire   . . .      SeeInvis .   e - +0 short sword
rCold   . . .      Faith    .   (no shield)
rNeg    . . .      Spirit   .   a - +0 robe
rPois   .          Reflect  .   (helmet restricted)
rElec   .          Harm     .   (no cloak)
rCorr   .          Rampage  .   (gloves unavailable)
Will    .....                   (boots unavailable)
Stlth   +.........              (no amulet)
HPRegen 0.13/turn               (no ring)
MPRegen 0.11/turn               (no ring)

@: no status effects
A: large, unfitting armour, tough skin 1
a: no special abilities


You were on level 3 of the Dungeon.
You visited 1 branch of the dungeon, and saw 3 of its levels.

You collected 48 gold pieces.

Inventory:

Hand Weapons
 e - a +0 short sword (weapon)
Missiles
 b - 4 large rocks
 c - 2 throwing nets
 f - 9 stones (quivered)
Armour
 a - a +0 robe (worn)
Scrolls
 d - a scroll of enchant armour {unknown}
 g - a scroll of fog {unknown}
Potions
 h - a potion of curing {unknown}
 i - 2 potions of heal wounds {unknown}


   Skills:
 - Level 1.3 Fighting
 + Level 1.5 Short Blades
 - Level 2.2 Throwing
 - Level 1.7 Dodging
 + Level 2.7 Spellcasting
 + Level 3.4 Hexes


You had 7 spell levels left.
You knew the following spells:

 Your Spells              Type           Power      Damage    Failure   Level
a - Slow                  Hex            44%        N/A       5%          1

Your spell library contained the following spells:

 Spells                   Type           Power      Damage    Failure   Level
 Sting                    Tmut/Pois      4%         1d3       22%         1
 Poisonous Vapours        Pois/Air       2%         N/A       32%         2
 Inner Flame              Hex/Fire       6%         N/A       32%         3
 Portal Projectile        Hex/Tloc       12%        N/A       32%         3
 Cause Fear               Hex            5%         N/A       47%         4
 Gell's Gravitas          Tloc           1%         N/A       54%         3
 Lesser Beckoning         Tloc           1%         N/A       54%         3
 Teleport Other           Tloc           1%         N/A       54%         3
 Olgreb's Toxic Radiance  Pois           1%         N/A       91%         4


Dungeon Overview and Level Annotations

Branches:
Dungeon (3/15)

Altars:
Lugonu

Shops:
D:1 [

Portals:
Abyss: D:1


Innate Abilities, Weirdness & Mutations

You are too large for most types of armour.
You have tough skin. (AC +1)


Message History

An orc wizard appears from thin air!
Reactivating autopickup.
The orc wizard gestures wildly while chanting.
The orc wizard flickers and vanishes!
Deactivating autopickup; reactivate with Ctrl-A.
You miss something. Something hits you.
You miss something. Something hits you.
You hit something but do no damage. Something hits you but does no damage.
You hit something but do no damage. Something hits you.
You hear some strange, mumbled words.
You are confused.
You bump into the rock wall.
Something hits you but does no damage.
A magic dart appears from out of thin air!
The magic dart hits you!
You bump into the rock wall.
You hear some strange, mumbled words.
Something tries to affect you, but you resist.
You bump into the rock wall.
You feel less confused. Something completely misses you.
Items here: ( )) †.
Something hits you.
You miss something.
You hear some strange, mumbled words.
Something tries to affect you, but you resist.
You miss something. Something hits you.
* * * LOW HITPOINT WARNING * * *
You closely miss something. Something hits you.
* * * LOW HITPOINT WARNING * * *
You hear some strange, mumbled words.
A puff of flame appears from out of thin air!
The puff of flame hits you.
* * * LOW HITPOINT WARNING * * *
You closely miss something. Something hits you.
* * * LOW HITPOINT WARNING * * *
You closely miss something.
You hear some strange, mumbled words.
A magic dart appears from out of thin air!
The magic dart hits you.
You die...

#... .# #. #... .g# #.
#..# ...###. #..#
...... #..# ..... #
#..# #..
#.##..###############.
#...)@................
####.{################
#........<#####.#
##..............#
##############.# #.#
#.# #.# #.#


There were no monsters in sight!

Vanquished Creatures
  4 gnolls
  A dart slug (D:1)
  An orc (D:2)
  6 endoplasms
  A giant cockroach (D:1)
  4 goblins
  3 hobgoblins
  2 quokkas (D:1)
  2 ball pythons (D:1)
  5 bats
  6 frilled lizards
  3 kobolds (D:1)
  A rat (D:1)
39 creatures vanquished.

Notes
Turn   | Place    | Note
-------+----------+-------------------------------------------
     0 | D:1      | lmSkywalker the Ogre Arcane Marksman began the quest for
                  | the Orb.
     0 | D:1      | Reached XP level 1. HP: 19/19 MP: 2/2
   354 | D:1      | Reached XP level 2. HP: 27/27 MP: 2/4
   597 | D:1      | Reached skill level 3 in Hexes
   620 | D:1      | Found a faded altar of an unknown god.
   662 | D:1      | Found Halem's Armour Boutique.
  1343 | D:1      | Found a one-way gate to the infinite horrors of the Abyss.
  1343 | D:1      | Found a corrupted altar of Lugonu.
  1344 | D:1      | Noticed a demonic crawler
  1345 | D:1      | Noticed a demonic crawler
  1381 | D:1      | Reached XP level 3. HP: 33/33 MP: 6/6
  1441 | D:2      | Reached skill level 1 in Short Blades
  1690 | D:1      | Upgraded the game from 0.28.0 to 0.28.0-1-gb440e238dd
  1712 | D:1      | Reached XP level 4. HP: 20/41 MP: 7/7
  2799 | D:3      | Killed from afar by an orc wizard

Illustrated notes

Levels and vault maps discovered:
D:1:      erik_arrival_cave_to_civilisation [erik_arrival_cave_to_temple],
          layout_basic, serial_shops, shop, shapermc_ecumenical_altar_acropolis,
          lemuel_another_geyser
D:2:      layout_basic, corexii_shack
D:3:      layout_basic, hangedman_decor_growths, uniq_jessica, uniq_ijyb,
          uniq_terence

Skill      XL: |  1  2  3 |
---------------+----------+-----
Hexes          | 3 |  3.4
Spellcasting   | 2 |  2.7
Short Blades   | 1 |  1.5
Fighting       | |  1.3
Throwing       | |  2.2
Dodging        | |  1.7

Action                   |  1- 3 |  4- 6 || total
-------------------------+-------+-------++-------
Melee: Unarmed           |    12 |       ||    12
       Short sword       |    78 |    56 ||   134
Throw: Large rock        |     8 |       ||     8
       Stone             |    24 |    14 ||    38
 Cast: Slow              |     1 |       ||     1
 Stab: Sleeping          |       |     1 ||     1
Armor: Robe              |    23 |    20 ||    43
Dodge: Dodged            |    50 |    25 ||    75
